 Dungeon Crawl Stone Soup version 0.21.0-3-g78d12a8 (webtiles) character file.

202 MTVSty1e the Chopper (level 5, 0/48 HPs)
             Began as a Minotaur Monk on Jan 8, 2018.
             Slain by othur's ghost (1 damage)
             ... on level 3 of the Dungeon.
             The game lasted 00:03:00 (1700 turns).

MTVSty1e the Chopper (Minotaur Monk)                Turns: 1700, Time: 00:03:01

Health: 0/48       AC:  3    Str: 17    XL:     5   Next: 50%
Magic:  4/4        EV: 19    Int:  7    God:
Gold:   69         SH:  0    Dex: 17    Spells: 4/4 levels left

rFire    . . .     SeeInvis .   m - +0 war axe
rCold    . . .     Gourm    .   (no shield)
rNeg     . . .     Faith    .   b - +0 robe
rPois    .         Spirit   .   (helmet restricted)
rElec    .         Reflect  .   (no cloak)
rCorr    .         Harm     .   d - +0 pair of gloves
MR       .....                  (no boots)
Stlth    +++.......             h - amulet of regeneration
HPRegen  0.56/turn              (no ring)
MPRegen  0.09/turn              (no ring)

@: agile, flying
A: retaliatory headbutt, horns 2
a: no special abilities


You were on level 3 of the Dungeon.
You were not hungry.

You visited 1 branch of the dungeon, and saw 3 of its levels.

You collected 69 gold pieces.

Inventory:

Hand Weapons
 a - a +0 hand axe
 m - a +0 war axe (weapon)
Armour
 b - a +0 robe (worn)
 d - a +0 pair of gloves (worn)
Jewellery
 h - an amulet of regeneration (around neck)
Scrolls
 e - 2 scrolls of teleportation {unknown}
 f - 8 scrolls of identify {unknown}
 k - a scroll of magic mapping {unknown}
 l - a scroll of enchant armour {unknown}
 n - a scroll of remove curse {unknown}
Potions
 g - a potion of cancellation {unknown}
 o - a potion of mutation {unknown}
 p - a potion of brilliance {unknown}
 q - a potion of lignification {unknown}
Comestibles
 c - 4 rations


   Skills:
 + Level 5.2 Fighting
 * Level 6.5 Axes
 - Level 3.2 Dodging
 - Level 1.5 Stealth


You had 4 spell levels left.
You didn't know any spells.

Dungeon Overview and Level Annotations

Branches:
Dungeon (3/15)

Altars:

Annotations:
D:3 othur's ghost, amateur MiFi


Innate Abilities, Weirdness & Mutations

You reflexively headbutt those who attack you in melee.
You have a pair of horns on your head.


Message History

The jackal bites you but does no damage.
Othur's ghost hits you. The jackal bites you.
A hobgoblin comes into view. It is wielding a club.
You are too injured to fight recklessly!
You barely miss othur's ghost.
Othur's ghost is severely damaged.
You hit the jackal. The jackal barely misses you. You furiously retaliate!
You headbutt the jackal!
You kill the jackal!
Othur's ghost hits you!
* * * LOW HITPOINT WARNING * * *
It was a potion of agility.
You feel agile all of a sudden.
The jackal bites you but does no damage.
Othur's ghost hits you!
* * * LOW HITPOINT WARNING * * *
It was a potion of flight.
You feel very buoyant.
You fly up into the air.
The jackal barely misses you. Othur's ghost hits you.
You die...

#.# #.# #.# #.# #
#.# #.# .# . ## #.#
#.# .##..
##.###†###.# #.....
##...#...##.# ..W...
#....<......##g.....
##...........W#
##.#.....###@#
#.........#h#
#########.##. .# #.
# .# #


You could see othur's ghost, a jackal and a hobgoblin.

Vanquished Creatures
  Natasha (thrice) (D:2)
  4 gnolls
  2 adders
  A worm (D:2)
  A dart slug (D:1)
  3 leopard geckos
  3 giant cockroaches
  7 goblins
  10 hobgoblins
  6 jackals
  3 ball pythons
  5 bats
  2 frilled lizards
  7 kobolds
  6 rats
63 creatures vanquished.

Notes
Turn   | Place    | Note
-------+----------+-------------------------------------------
     0 | D:1      | MTVSty1e the Minotaur Monk began the quest for the Orb.
     0 | D:1      | Reached XP level 1. HP: 19/19 MP: 0/0
   123 | D:1      | Reached skill level 4 in Axes
   139 | D:1      | Reached XP level 2. HP: 23/27 MP: 1/1
   224 | D:1      | Reached XP level 3. HP: 33/33 MP: 2/2
   406 | D:1      | Reached skill level 5 in Axes
   893 | D:2      | Reached XP level 4. HP: 32/41 MP: 3/3
  1237 | D:2      | Noticed Natasha
  1243 | D:2      | Killed Natasha
  1243 | D:2      | Reached skill level 6 in Axes
  1268 | D:2      | Reached XP level 5. HP: 47/47 MP: 4/4
  1331 | D:2      | Noticed Natasha
  1336 | D:2      | Killed Natasha
  1336 | D:2      | Reached skill level 5 in Fighting
  1500 | D:2      | Noticed Natasha
  1511 | D:2      | Killed Natasha
  1689 | D:3      | Noticed othur's ghost (amateur MiFi)
  1699 | D:3      | HP: 1/48 [othur's ghost (9)]
  1700 | D:3      | Slain by othur's ghost

Skill      XL: |  1  2  3  4  5 |
---------------+----------------+-----
Axes           | 4 5 6 |  6.5
Fighting       | 4 5 |  5.2
Dodging        | |  3.2
Stealth        | |  1.5

Action                   |  1- 3 |  4- 6 || total
-------------------------+-------+-------++-------
Melee: Hand axe          |    66 |    19 ||    85
       Headbutt          |    12 |    14 ||    26
       War axe           |       |    42 ||    42
  Use: Potion            |       |     2 ||     2
 Stab: Sleeping          |     3 |     2 ||     5
  Eat: Ration            |       |     1 ||     1
Armor: Robe              |    13 |    19 ||    32
Dodge: Dodged            |    52 |    39 ||    91
